Map: King Sejong Station LE

Players

Miszu

  • Race: Terran Terran
  • League: Master

IMashBuddenz - Winner!

  • Race: Terran Terran
  • League: Master

VOD

Have the link to the VOD?

Description

Time

  • Played on: July 6, 2016, 9 p.m.
  • Length: 8:55
Show
View Real Time Build Order
Export as new Build Order

Miszu Terran 

Build Orders: 1/1/1, MMM Bio 

Get SALT Encoding   

  12  0:00  SCV  
  13  0:13  SCV  
  14  0:17  Supply Depot  
  14  0:25  SCV  
  14  0:27  Refinery  
  15  0:38  SCV  
  16  0:45  Barracks  
  16  0:51  SCV  
  17  1:03  SCV  
  18  1:15  SCV  
  19  1:31  Orbital Command  
  19  1:32  Marine  
  20  1:34  Factory  
  20  1:42  Supply Depot  
  20  1:50  Marine  
  21  1:58  SCV  
  22  2:07  Marine  
  22  2:10  SCV  
  23  2:18  Starport, Hellion  
  23  2:21  Supply Depot  
  23  2:22  SCV  
  26  2:25  Marine  
  27  2:34  SCV  
  28  2:40  Hellion  
  28  2:43  Marine  
  31  3:01  Hellion  
  31  3:02  Marine  
  31  3:04  Medivac  
  36  3:13  Command Center  
  36  3:22  SCV  
  36  3:23  Refinery  
  39  3:31  Barracks Reactor  
  39  3:46  Barracks, SCV  
  39  3:47  Barracks, Starport Tech Lab, Factory Tech Lab  
  38  3:53  Supply Depot  
  37  4:17  Marine x2  
  37  4:22  Engineering Bay, SCV  
  40  4:25  Starport Reactor  
  40  4:29  Orbital Command  
  40  4:31  Factory Tech Lab  
  40  4:41  SCV  
  40  4:45  Refinery  
  41  4:51  Marine x2  
  41  4:52  Combat Shields  
  41  4:53  Stimpack, SCV  
  41  4:56  SCV  
  43  5:01  Terran Infantry Weapons Level 1  
  43  5:05  SCV  
  44  5:08  SCV  
  44  5:11  Siege Tank  
  48  5:14  Marine x2  
  48  5:18  SCV  
  48  5:20  SCV  
  52  5:30  Viking  
  54  5:46  SCV  
  56  5:50  Siege Tank, SCV  
  56  5:56  Viking  
  59  5:58  SCV  
  59  6:00  Viking  
  59  6:02  SCV  
  61  6:10  SCV  
  60  6:14  SCV  
  61  6:22  SCV  
  62  6:28  Supply Depot  
  62  6:31  Siege Tank, SCV  
  66  6:34  Viking, SCV  
  69  6:43  SCV  
  70  6:50  SCV  
  73  7:00  Marine  
  73  7:01  Marine x3  
  72  7:08  SCV x2  
  77  7:11  Supply Depot  
  77  7:14  Supply Depot  
  77  7:15  Refinery  
  77  7:18  Marine  
  77  7:19  Medivac  
  77  7:20  Command Center  
  78  7:34  Siege Tank  
  83  7:37  Medivac  
  83  7:38  SCV x2  
  83  7:41  Supply Depot x2  
  85  7:50  SCV x2  
  86  7:55  Barracks  
  86  7:57  Barracks  
  86  8:02  SCV x2  
  86  8:05  Marine x3  
  89  8:06  Marine  
  91  8:14  SCV x2  
  93  8:23  Marine x4  
  93  8:26  SCV  
Show
View Real Time Build Order
Export as new Build Order

IMashBuddenz Terran - Winner!

Build Orders: Reaper Expand 

Get SALT Encoding   

  12  0:01  SCV  
  13  0:13  SCV  
  14  0:17  Supply Depot  
  14  0:25  SCV  
  15  0:38  SCV  
  15  0:40  Barracks  
  16  0:45  Refinery  
  16  0:50  SCV  
  17  1:03  SCV  
  18  1:15  SCV  
  19  1:30  Reaper, Orbital Command  
  20  1:42  Command Center  
  20  1:54  Supply Depot  
  20  1:57  SCV  
  21  2:04  Barracks Reactor  
  20  2:10  SCV  
  21  2:22  Factory, SCV  
  22  2:25  Refinery  
  22  2:34  SCV  
  23  2:45  Marine x2  
  23  2:47  SCV  
  26  2:59  SCV  
  26  3:03  Marine x2, Orbital Command  
  28  3:08  Hellion  
  28  3:09  Starport  
  28  3:12  SCV  
  31  3:14  Supply Depot  
  31  3:21  Marine x2  
  31  3:26  SCV  
  34  3:29  Hellion  
  34  3:34  SCV  
  37  3:36  Engineering Bay  
  37  3:39  Marine  
  37  3:40  Marine  
  39  3:48  Medivac  
  39  3:50  Factory Tech Lab  
  39  3:52  SCV x2  
  43  4:00  Supply Depot  
  43  4:16  Cyclone  
  45  4:19  Marine x2  
  47  4:24  SCV x2  
  47  4:28  Viking  
  51  4:37  Marine x2  
  53  4:41  SCV x2  
  53  4:45  Supply Depot  
  55  4:53  SCV x2  
  55  4:55  Marine  
  55  4:56  Marine  
  59  5:06  Siege Tank  
  62  5:10  Supply Depot  
  62  5:11  SCV x2  
  64  5:23  SCV  
  64  5:24  SCV  
  64  5:26  Barracks Tech Lab, Barracks x2  
  64  5:27  Terran Infantry Weapons Level 1, Refinery  
  64  5:28  Refinery  
  66  5:34  Supply Depot  
  66  5:35  SCV  
  66  5:36  SCV  
  67  5:48  SCV x2  
  69  5:50  Marine  
  69  5:52  Viking x2, Stimpack  
  74  6:00  SCV x2  
  75  6:12  SCV x2  
  77  6:22  Barracks Reactor, Barracks Tech Lab  
  77  6:24  Marine, Siege Tank, SCV x2  
  83  6:26  Medivac, Barracks  
  83  6:27  Barracks  
  83  6:32  Supply Depot  
  85  6:36  SCV  
  85  6:37  Supply Depot  
  86  6:49  Viking, SCV  
  86  6:53  Marine x2, SCV  
  82  7:10  Viking, Marine x2  
  82  7:11  Marine, Siege Tank  
  82  7:13  Supply Depot  
  82  7:14  Supply Depot, Barracks Reactor  
  82  7:15  Barracks Reactor  
  90  7:17  SCV x2  
  92  7:29  Marine x4  
  95  7:31  Medivac  
  95  7:34  SCV x2  
  95  7:36  Supply Depot  
  99  7:38  Supply Depot  
  99  7:42  Command Center  
  99  7:46  Marine  
  99  7:47  Marine, Siege Tank  
  99  7:48  Medivac  
  106  7:56  Marine x2  
  106  7:57  Marine x4  
  112  8:07  Marine x2  
  112  8:08  Medivac  
  116  8:12  Supply Depot  
  116  8:14  Marine x2  
  118  8:24  Marine x4  
  118  8:25  Marine  
  128  8:35  Sensor Tower  
Tags
 
Add a new tag
Caveats
  • Supply blocks, unpowered buildings, or Contaminate may cause inaccurate times.
  • Supply counts are checked every 10 seconds.